 Dungeon Crawl Stone Soup version 0.29.1-1-gd02db6906a (webtiles) character file.

Game seed: 17444649950112134133

24 lonewolfV2 the Trooper (level 2, 0/24 HPs)
             Began as a Demonspawn Berserker on Oct 16, 2022.
             Was a Follower of Trog.
             Slain by a quokka (3 damage)
             ... on level 1 of the Dungeon.
             The game lasted 00:01:29 (902 turns).

lonewolfV2 the Trooper (Demonspawn Berserker)        Turns: 902, Time: 00:01:30

Health: 0/24       AC:  2    Str: 17    XL:     2   Next: 79%
Magic:  2/2        EV: 12    Int:  8    God:    Trog [*.....]
Gold:   23         SH:  0    Dex: 12    Spells: 1/1 levels left

rFire   . . .      SeeInvis .   a - +0 hand axe
rCold   . . .      Faith    .   (no shield)
rNeg    . . .      Spirit   .   b - +0 animal skin
rPois   .          Reflect  .   (no helmet)
rElec   .          Harm     .   (no cloak)
rCorr   .          Rampage  .   (no gloves)
Will    .....                   (no boots)
Stlth   +.........              (no amulet)
HPRegen 0.08/turn               (no ring)
MPRegen 0.08/turn               (no ring)

@: no status effects
A: ignite blood 1
a: Renounce Religion, Berserk


You were on level 1 of the Dungeon.
You worshipped Trog.
Trog was aware of your devotion.
You visited 1 branch of the dungeon, and saw 1 of its levels.

You collected 23 gold pieces.

Inventory:

Hand Weapons
 a - a +0 hand axe (weapon)
Armour
 b - a +0 animal skin (worn)
Potions
 c - a potion of berserk rage {unknown}
 d - a potion of resistance {unknown}


   Skills:
 + Level 3.5 Fighting
 + Level 3.1 Axes
 + Level 1.9 Armour
 + Level 1.9 Dodging


You had one spell level left.
You didn't know any spells.
Your spell library was empty.

Dungeon Overview and Level Annotations

Branches:
Dungeon (1/15)

Altars:


Innate Abilities, Weirdness & Mutations

Your demonic aura sometimes causes spilled blood to erupt in flames.


Message History

You hit the kobold. The jackal closely misses you.
The kobold barely misses you.
A hobgoblin comes into view.
The jackal bites you.
You miss the jackal.
The hobgoblin shouts!
You hit the kobold.
You kill the kobold!
Trog accepts your kill. The jackal misses you.
You closely miss the jackal. The jackal barely misses you. x2
Unknown command.
You hit the jackal.
The jackal is moderately wounded.
The jackal bites you but does no damage.
You barely miss the jackal.
The jackal is moderately wounded.
The jackal bites you.
A quokka comes into view.
The jackal barely misses you.
You hit the jackal but do no damage.
The jackal is moderately wounded.
The jackal bites you. x2
You closely miss the jackal. You closely miss the hobgoblin.
The jackal barely misses you. The hobgoblin hits you.
You closely miss the jackal. You hit the hobgoblin but do no damage.
The jackal bites you. The hobgoblin misses you. The jackal bites you.
You hit the hobgoblin but do no damage. You hit the jackal.
You kill the jackal!
Trog accepts your kill. The hobgoblin hits you.
You completely miss the hobgoblin. The hobgoblin hits you.
* * * LOW HITPOINT WARNING * * *
The quokka closely misses you. The hobgoblin hits you.
* * * LOW HITPOINT WARNING * * *
You see here 9 gold pieces.
You closely miss the quokka. You hit the hobgoblin but do no damage.
The hobgoblin barely misses you. The quokka bites you.
You die...

.##.#.#.#.## ##.###
#...# ...#.#.#.#.#
#(... ..# #...#
.##.#.#.#.## #..#
#.####...##
########.######..###
#.##....... #
#...........#
#>##.##.#.#
########..#.#
##.##.##.#.#
#..#.###...#.##.#.#
#†)#.##......##.#..
#r@............>...
#.g...##.....#####.#
#.#.#.###†..## #.#
..........#..# #.#
.....[.#.......# ..#
#.##.##...#.......
..# # #..
#..##.##.##.# ####
.._ ..###.##.# .# #
#. #.# #


You could see a quokka and a hobgoblin.

Vanquished Creatures
  A dart slug (D:1)
  A bat (D:1)
  An endoplasm (D:1)
  4 goblins (D:1)
  A hobgoblin (D:1)
  3 jackals (D:1)
  3 kobolds (D:1)
  A quokka (D:1)
  A ball python (D:1)
  4 rats (D:1)
20 creatures vanquished.

Notes
Turn   | Place    | Note
-------+----------+-------------------------------------------
     0 | D:1      | lonewolfV2 the Demonspawn Berserker began the quest for the
                  | Orb.
     0 | D:1      | Reached XP level 1. HP: 18/18 MP: 1/1
   277 | D:1      | Gained mutation: Your demonic aura sometimes causes spilled
                  | blood to erupt in flames. [demonic ancestry]
   277 | D:1      | Reached XP level 2. HP: 18/24 MP: 2/2
   887 | D:1      | Found a faded altar of an unknown god.
   902 | D:1      | Slain by a quokka

Illustrated notes

Levels and vault maps discovered:
D:1:      ncdulo_watergridlock, layout_loops_ring, ebering_ecumenical_altar_box

Skill      XL: |  1 |
---------------+----+-----
Axes           | 3 |  3.1
Fighting       | |  3.5
Armour         | |  1.9
Dodging        | |  1.9

Action                   || total
-------------------------++-------
Melee: Hand axe          ||    58
Armor: Animal skin       ||    16
Dodge: Dodged            ||    39
